Map: Mech Depot LE

Players

HanNibaL - Winner!

  • Race: Terran Terran
  • League: Master
  • Spawn Location: 7:00

Xergxes

  • Race: Zerg Zerg
  • League: Diamond
  • Spawn Location: 1:00

VOD

Have the link to the VOD?

Description

Time

  • Played on: Aug. 22, 2017, 6:07 p.m.
  • Length: 15:45
Show
View Real Time Build Order
Export as new Build Order

HanNibaL Terran - Winner!

Build Orders: Hellion Opening, Reaper Expand, MMM Bio 

Get SALT Encoding   

  12  0:00  SCV  
  13  0:12  SCV  
  14  0:17  Supply Depot  
  14  0:25  SCV  
  15  0:39  SCV  
  15  0:40  Barracks  
  16  0:46  Refinery  
  16  0:51  SCV  
  17  1:03  SCV  
  18  1:15  SCV  
  19  1:27  Orbital Command  
  19  1:29  Reaper  
  20  1:42  Command Center  
  20  1:53  SCV  
  21  2:05  SCV, Supply Depot  
  21  2:07  Factory  
  22  2:13  Refinery  
  22  2:17  SCV  
  23  2:27  Barracks Reactor  
  23  2:29  SCV  
  24  2:41  SCV  
  25  2:53  Starport  
  25  2:54  Orbital Command, SCV  
  26  3:06  SCV  
  27  3:14  Hellion x2  
  27  3:15  Barracks Tech Lab, Supply Depot  
  27  3:18  SCV  
  32  3:21  SCV  
  33  3:30  SCV  
  33  3:31  Viking  
  36  3:35  Stimpack, Hellion  
  36  3:36  SCV, Hellion  
  41  3:42  SCV  
  41  3:50  SCV  
  41  3:54  SCV  
  43  3:56  Supply Depot  
  43  3:57  Hellion  
  43  3:58  Hellion  
  47  4:03  SCV  
  48  4:14  SCV  
  48  4:16  Starport Reactor  
  49  4:25  SCV  
  49  4:26  SCV  
  49  4:31  Supply Depot  
  51  4:37  SCV  
  51  4:38  SCV, Barracks  
  52  4:39  Refinery  
  52  4:40  Barracks  
  52  4:42  Supply Depot  
  53  4:46  Factory Reactor  
  53  4:47  Engineering Bay x2  
  53  4:49  SCV  
  53  4:50  Command Center  
  53  4:51  SCV  
  55  4:54  Supply Depot  
  55  4:57  Refinery  
  55  5:01  SCV  
  55  5:03  SCV  
  57  5:10  Marine, Medivac x2  
  57  5:13  SCV  
  63  5:15  SCV  
  64  5:22  Terran Infantry Weapons Level 1, Terran Infantry Armor Level 1  
  64  5:25  SCV  
  64  5:27  Supply Depot, SCV  
  66  5:33  Marine x2, Supply Depot  
  68  5:37  SCV, Combat Shields  
  68  5:38  Marine  
  68  5:41  Marine x2, Factory Reactor  
  72  5:47  SCV  
  72  5:49  SCV  
  74  5:51  Marine x2  
  76  5:59  SCV  
  76  6:02  Supply Depot  
  77  6:05  Supply Depot  
  77  6:08  Marine x3  
  77  6:10  Marine x2  
  82  6:11  Medivac x2  
  82  6:18  SCV  
  87  6:21  Armory  
  87  6:24  Barracks  
  87  6:27  Barracks  
  87  6:30  SCV  
  88  6:35  Orbital Command  
  88  6:36  Marine  
  88  6:39  Marine x2  
  91  6:41  Marine  
  92  6:50  Widow Mine  
  92  6:51  Medivac, Widow Mine  
  92  7:06  Marine x4  
  92  7:07  Concussive Shells  
  90  7:09  SCV x3  
  90  7:14  Barracks Reactor, Barracks Tech Lab  
  93  7:17  Terran Vehicle And Ship Armor Level 1, Terran Infantry Weapons Level 2, Terran Infantry Armor Level 2  
  93  7:21  SCV x2  
  93  7:22  Barracks  
  95  7:24  Command Center  
  95  7:26  Barracks  
  95  7:27  SCV  
  95  7:28  Marine x2  
  95  7:29  Marine x2  
  101  7:33  SCV  
  102  7:44  Marauder x2, Medivac, Widow Mine x2  
  102  7:45  Medivac  
  102  7:46  Marine  
  113  7:52  Marine x3  
  113  7:53  Marine x2  
  113  7:56  Refinery  
  113  7:57  Refinery  
  118  7:58  Supply Depot x2  
  118  8:01  Supply Depot  
  118  8:02  SCV x2, Barracks  
  118  8:03  SCV  
  121  8:07  Marauder x2  
  121  8:09  Barracks Reactor  
  125  8:14  Barracks Tech Lab, SCV  
  125  8:15  Marine x2  
  125  8:16  Marine x2  
  125  8:17  Marine  
  130  8:31  Marine  
  130  8:34  Marauder x2  
  133  8:35  Marine x5  
  140  8:42  Planetary Fortress  
  140  8:45  SCV, Sensor Tower  
  140  8:46  SCV x2  
  143  8:49  Marine x3  
  143  8:53  Barracks Reactor  
  144  8:58  SCV x3  
  141  9:06  Marine x5  
  141  9:07  Marine x2, Marauder  
  134  9:10  SCV  
  134  9:14  Marine x2  
  134  9:15  Medivac x2, Widow Mine x2  
  142  9:22  Terran Vehicle And Ship Armor Level 2  
  142  9:24  Marine x2  
  142  9:25  Marine x4, Marauder  
  142  9:26  Marine  
  151  9:36  Terran Infantry Weapons Level 3, Terran Infantry Armor Level 3  
  151  9:39  Marine  
  151  9:40  Marine x2  
  151  9:41  Marauder  
  151  9:45  Marine, Medivac x2  
  156  9:50  Refinery  
  156  9:51  Refinery  
  161  9:53  Marine  
  161  9:54  Marine x3  
  161  9:59  Marine x4  
  169  10:04  Supply Depot x2  
  169  10:05  Command Center  
  169  10:10  Marine x2  
  169  10:11  Marine, Marauder  
  171  10:20  Marine x3  
  172  10:25  Marine x2  
  172  10:26  Marauder  
  176  10:36  Marine x3  
  176  10:37  Marauder  
  180  10:43  Marine x2  
  180  10:44  Marine x2, Marauder  
  186  10:52  Command Center  
  185  10:59  Marine  
  185  11:00  Marine x7  
  185  11:01  Marine  
  166  11:06  Marauder  
  166  11:09  Marine x3, Widow Mine  
  166  11:10  Widow Mine  
  131  11:19  Marauder, Planetary Fortress  
  131  11:23  Marine x3  
  131  11:24  Marine x3, Marauder  
  141  11:27  Marauder  
  141  11:29  Marine  
  141  11:30  Marine x2  
  141  11:31  Marine  
  141  11:32  Medivac x2  
  151  11:39  Marine  
  151  11:42  Marine x5  
  151  11:43  Marine, Widow Mine x2  
  151  11:45  Marine  
  163  11:48  Marine x4, Marauder  
  169  11:54  Barracks  
  169  11:55  Barracks  
  169  11:57  Marine  
  169  11:59  SCV  
  169  12:00  Marine x3  
  169  12:01  SCV x2  
  176  12:09  Marine x8  
  176  12:14  Marine  
  176  12:15  Marine, Widow Mine x2  
  187  12:17  Marine  
  187  12:18  Marine  
  190  12:24  Medivac x2  
  190  12:26  Marine  
  190  12:27  Marine x5  
  200  12:43  Widow Mine  
  169  12:44  Marine x3  
  169  12:45  Marine x6  
  169  12:46  Marine, Marauder x3  
  142  13:01  Barracks Reactor  
  142  13:02  Marine x5  
  142  13:03  Marine x4  
  149  13:06  Medivac  
  149  13:07  Marauder x3  
  149  13:08  Marine x2  
  159  13:20  Marine x3  
  159  13:21  Orbital Command  
  159  13:26  Marine  
  159  13:27  Marine x7  
  161  13:29  Marauder x3  
  159  13:38  Marine  
  152  13:42  Marine x4, Widow Mine x2  
  152  13:43  Medivac x2  
  152  13:48  Marine x8  
  166  13:50  Marauder x3  
  176  14:00  Marine x4  
  176  14:01  Marine  
  181  14:05  Marine x2  
  181  14:06  Command Center  
  183  14:10  Marine  
  183  14:11  Marine x6  
  183  14:12  Marine  
  183  14:15  Marine  
  183  14:16  Medivac x2, Widow Mine x2  
  199  14:18  Marine  
  197  14:47  Marine  
  197  14:48  Marine x5  
  197  14:51  Marine x2  
  197  14:52  Marine x8  
  197  14:58  Medivac x2  
  188  15:01  SCV  
  188  15:02  SCV x2  
  191  15:24  Marine x2  
  191  15:25  Marine x4  
Show
View Real Time Build Order
Export as new Build Order

Xergxes Zerg 

Build Orders: Hatch First 

Get SALT Encoding   

  12  0:01  Drone  
  13  0:13  Overlord  
  13  0:18  Drone  
  14  0:23  Extractor, Drone  
  15  0:31  Drone  
  15  0:35  Drone  
  17  0:55  Hatchery  
  16  0:58  Drone  
  17  1:07  Extractor  
  16  1:14  Spawning Pool  
  16  1:17  Drone  
  16  1:20  Drone  
  17  1:26  Drone  
  17  1:30  Drone  
  19  1:40  Drone  
  20  2:00  Queen  
  22  2:05  Hatchery  
  22  2:07  Zergling x2  
  22  2:11  Zergling x2  
  23  2:16  Drone  
  23  2:17  Drone  
  25  2:23  Metabolic Boost  
  25  2:28  Drone  
  26  2:42  Drone x2  
  28  2:47  Extractor x2, Queen  
  30  3:00  Overlord  
  30  3:17  Drone x4  
  30  3:19  Queen  
  37  3:20  Drone x6  
  41  3:33  Overlord  
  41  3:47  Drone  
  42  3:48  Overlord  
  42  3:49  Overlord  
  42  3:50  Queen x2  
  42  3:52  Drone  
  42  3:54  Queen, Drone  
  50  4:02  Overlord  
  49  4:05  Zergling x2  
  49  4:09  Spine Crawler  
  48  4:18  Extractor, Drone x9  
  48  4:20  Zergling x2  
  48  4:22  Drone x2  
  58  4:31  Drone  
  58  4:32  Drone x4  
  58  4:37  Lair  
  63  4:40  Drone x3  
  66  4:47  Overlord  
  66  4:50  Overlord  
  66  4:54  Roach Warren  
  66  4:58  Queen  
  66  4:59  Extractor, Evolution Chamber  
  65  5:00  Drone  
  65  5:16  Drone x3  
  65  5:17  Drone  
  69  5:24  Overlord  
  69  5:25  Overlord  
  69  5:26  Drone x7  
  69  5:27  Drone x2  
  78  5:31  Extractor  
  78  5:34  Zerg Missile Weapons Level 1  
  77  5:37  Evolution Chamber  
  77  5:39  Hatchery  
  75  5:49  Extractor  
  74  6:10  Hatchery, Hydralisk Den  
  72  6:11  Zerg Ground Armor Level 1  
  72  6:17  Overlord x2  
  72  6:18  Glial Reconstitution  
  72  6:20  Roach x2  
  72  6:21  Roach  
  72  6:22  Overlord x2  
  72  6:23  Overlord  
  78  6:26  Queen  
  78  6:31  Zergling x24  
  92  6:44  Roach x6  
  103  7:13  Muscular Augments, Hydralisk x8  
  119  7:26  Hatchery  
  118  7:30  Hatchery  
  113  7:43  Queen x3, Drone x5  
  124  7:44  Queen  
  124  7:48  Overlord  
  124  7:49  Hydralisk x6  
  138  7:54  Zerg Missile Weapons Level 2  
  138  7:57  Hatchery, Hydralisk  
  139  8:02  Drone, Infestation Pit  
  139  8:03  Drone x2  
  141  8:41  Roach  
  141  8:42  Roach x7  
  147  9:10  Roach x3  
  147  9:11  Roach x5  
  147  9:13  Overlord x4  
  147  9:14  Overlord x2  
  147  9:15  Overlord  
  163  9:21  Overlord  
  163  9:29  Pathogen Glands  
  163  9:30  Hive  
  163  9:31  Queen  
  163  9:40  Hydralisk x12  
  187  9:47  Overlord  
  187  9:48  Overlord, Pneumatized Carapace  
  187  10:03  Overlord  
  180  10:21  Hydralisk x5  
  180  10:22  Hydralisk x6  
  198  10:35  Hydralisk  
  198  10:42  Infestor  
  190  10:47  Drone x8  
  190  10:48  Extractor  
  190  10:49  Extractor  
  158  11:08  Hydralisk x8  
  158  11:10  Roach  
  158  11:11  Roach  
  144  11:43  Roach x5  
  144  11:44  Extractor, Roach x14  
  144  11:46  Extractor  
  180  12:04  Infestor x2  
  176  12:26  Ravager x6  
  176  12:28  Zergling x36  
  126  13:01  Hydralisk x12  
  126  13:02  Hydralisk x2  
  126  13:04  Overseer  
  154  13:07  Drone x3  
  154  13:11  Drone  
  145  13:35  Hatchery  
  145  13:39  Roach x8  
  145  13:40  Roach x11  
  157  13:46  Burrow  
  145  13:49  Roach x4  
  145  13:54  Overlord x2  
  145  13:55  Drone  
  154  14:04  Roach x4  
  162  14:14  Queen x2  
  106  14:55  Hydralisk x13  
  94  15:05  Roach x3  
  95  15:11  Drone  
  95  15:12  Drone x3  
  99  15:25  Roach x4  
Tags
 
Add a new tag
Caveats
  • Supply blocks, unpowered buildings, or Contaminate may cause inaccurate times.
  • Supply counts are checked every 10 seconds.